 Dungeon Crawl Stone Soup version 0.17.0-17-ge4ba49f (console) character file.

1626 Kramin the Slicer (level 8, -3/56 HPs)
             Began as a High Elf Assassin on Nov 11, 2015.
             Was a Priest of Okawaru.
             Slain by a worm (7 damage)
             ... on level 6 of the Dungeon.
             The game lasted 00:16:20 (6898 turns).

Kramin the Slicer (High Elf Assassin)               Turns: 6898, Time: 00:16:20

Health: -3/56      AC: 12    Str: 10    XL:     8   Next: 65%
Magic:  7/9        EV: 25    Int: 16    God:    Okawaru [***...]
Gold:   280        SH:  0    Dex: 23    Spells: 0 memorised, 7 levels left

rFire  . . .     SeeInvis .     a - +1 dagger (venom)
rCold  . . .     Clarity  +     J - +2 ring mail {rN+}
rNeg   + + .     SustAt   .     (no shield)
rPois  .         Gourm    .     y - +0 helmet
rElec  .         Spirit   .     d - +0 cloak
rCorr  .         Warding  .     h - +0 pair of gloves
rMut   .         Stasis   .     (no boots)
MR     .....                    n - amulet of clarity
Stlth  +++++.....               (no ring)
                                v - ring of positive energy

@: agile, heroism, not resistant to hostile enchantments, quite stealthy
A: no striking features
a: Heroism, Renounce Religion


You were on level 6 of the Dungeon.
You worshipped Okawaru.
Okawaru was most pleased with you.
You were not hungry.

You visited 1 branch of the dungeon, and saw 6 of its levels.

You collected 280 gold pieces.

Inventory:

Hand Weapons
 a - a +1 dagger of venom (weapon)
 b - a +0 blowgun
 C - a +1 short sword of speed
Missiles
 e - 8 poisoned needles
 f - 2 curare-tipped needles
 u - 3 throwing nets (quivered)
Armour
 d - a +0 cloak (worn)
 h - a +0 pair of gloves (worn)
 y - a +0 helmet (worn)
 J - a +2 ring mail of positive energy (worn)
Jewellery
 n - an amulet of clarity (around neck)
 v - a ring of positive energy (left hand)
 A - an uncursed ring of teleportation
Wands
 q - a wand of slowing (28)
 z - a wand of lightning (4)
Scrolls
 j - a scroll of noise {unknown}
 k - 2 scrolls of remove curse
 m - 2 scrolls of fear {unknown}
 p - 4 scrolls of teleportation {unknown}
 w - 2 scrolls of immolation {unknown}
 x - 2 scrolls of enchant armour {unknown}
 B - a scroll of amnesia {unknown}
 E - 2 scrolls of fog {unknown}
 G - 2 scrolls of random uselessness {unknown}
 K - a scroll of enchant weapon {unknown}
Potions
 c - a potion of cancellation {unknown}
 i - a potion of ambrosia
 t - a potion of flight
 D - a potion of lignification {unknown}
 F - a potion of haste {unknown}
 H - 2 potions of brilliance {unknown}
Books
 o - a book of the Earth

   Spells                             Type                      Level
   a - Leda's Liquefaction            Hexes/Earth                  4
   b - Bolt of Magma                  Conjuration/Fire/Earth       5
   c - Statue Form                    Transmutation/Earth          6
   d - Iron Shot                      Conjuration/Earth            6
   e - Shatter                        Earth                        9
Comestibles
 g - 5 bread rations
 r - 4 meat rations
 s - 8 fruits
 I - 8 chunks of flesh


   Skills:
 + Level 5.5(10.5) Fighting
 + Level 9.2(14.2) Short Blades
 - Level 2.0(7.0) Throwing
 + Level 1.6(6.6) Armour
 + Level 6.3(11.3) Dodging
 - Level 4.3(9.3) Stealth


You had 7 spell levels left.
You didn't know any spells.

Dungeon Overview and Level Annotations

Branches:
Dungeon (6/15)             Temple (0/1) D:5

Altars:
Cheibriados
Gozag
Makhleb
Okawaru
Qazlal
Trog
Vehumet
Zin
The Shining One

Annotations:
D:5 exclusion: statue


Message History

You see here a stone.
Drink which item? (? for menu, Esc to quit)
Okay, then.
Unknown command.
Unknown command.
Drink which item? (? for menu, Esc to quit)
You feel agile all of a sudden.
The orc wizard miscasts a cantrip.
You gain the combat prowess of a mighty hero.
You feel slightly more hungry. The worm misses you.
You hit the orc wizard but do no damage.
The orc wizard is poisoned.
The orc wizard completely misses you.
You hit the orc wizard.
The orc wizard is moderately wounded.
The orc wizard gestures at you while chanting.
The puff of flame misses you.
You hit the orc wizard.
The orc wizard is severely wounded.
The worm bites you!
You die...

... ....###.).######....
..####...#)### #.. #
#.........# #.#
#.........# #.#
##.........## #.#
#........o)..# #.#
..#..........#####.######
.......ow(..............#
.##.....@...##.........)#
#.........##.......>..#
#.........######....###
#########.# ##...<.##
#.### #.......#
#.....#<......#
#####.........#
###.......# #.......#


You could see a worm, an orc wizard and an orc.

Vanquished Creatures
  Menkaure (D:4)
  Edmund (D:4)
  An ice beast (D:5)
  4 ogres
  A crocodile (D:6)
  A centaur (D:5)
  2 giant frogs
  A jelly (D:5)
  A centaur skeleton (D:6)
  2 orc wizards (D:4)
  2 hounds
  2 iguanas (D:6)
  2 orc priests
  2 worker ants (D:4)
  Robin (D:1)
  8 adders
  12 gnolls
  3 shadow imps
  An ooze (D:2)
  A worm (D:3)
  15 orcs
  3 ball pythons (D:1)
  3 giant cockroaches
  11 hobgoblins
  11 jackals
  3 quokkas
  7 bats
  7 giant geckos
  7 giant newts
  18 goblins
  5 kobolds
  4 rats
143 creatures vanquished.

Vanquished Creatures (others)
  A wizard (D:5)
1 creature vanquished.

Grand Total: 144 creatures vanquished

Notes
Turn   | Place    | Note
--------------------------------------------------------------
     0 | D:1      | Kramin the High Elf Assassin began the quest for the Orb.
     0 | D:1      | Reached XP level 1. HP: 14/14 MP: 2/2
   479 | D:1      | Reached XP level 2. HP: 9/19 MP: 3/3
  1203 | D:2      | Reached XP level 3. HP: 15/25 MP: 4/4
  1647 | D:2      | Found an iron altar of Okawaru.
  1655 | D:2      | Became a worshipper of Warmaster Okawaru
  1708 | D:2      | Noticed Robin
  1753 | D:1      | Killed Robin
  2117 | D:2      | Reached XP level 4. HP: 28/30 MP: 5/5
  2547 | D:2      | Found a burning altar of Makhleb.
  3053 | D:3      | Reached XP level 5. HP: 19/35 MP: 6/6
  3255 | D:3      | Noticed an ogre
  3274 | D:3      | Killed an ogre
  3274 | D:3      | Reached skill level 5 in Short Blades
  3785 | D:3      | Found a stormy altar of Qazlal.
  3796 | D:3      | Reached XP level 6. HP: 42/42 MP: 7/7
  4010 | D:4      | Reached skill level 6 in Short Blades
  4234 | D:4      | Found an opulent altar of Gozag.
  4267 | D:4      | Noticed Edmund
  4289 | D:4      | Killed Edmund
  4289 | D:4      | Reached * piety under Okawaru
  4500 | D:4      | Found a glowing silver altar of Zin.
  4609 | D:4      | Reached XP level 7. HP: 43/47 MP: 8/8
  4620 | D:4      | Reached skill level 7 in Short Blades
  5048 | D:4      | Noticed Menkaure
  5061 | D:4      | Killed Menkaure
  5061 | D:4      | Reached ** piety under Okawaru
  5296 | D:4      | Reached skill level 5 in Dodging
  5351 | D:4      | Found a snail-covered altar of Cheibriados.
  5437 | D:4      | Found a glowing golden altar of the Shining One.
  5476 | D:5      | Entered Level 5 of the Dungeon
  5603 | D:5      | Reached skill level 8 in Short Blades
  5655 | D:5      | Found a staircase to the Ecumenical Temple.
  5724 | D:5      | Reached XP level 8. HP: 54/54 MP: 9/9
  5764 | D:5      | HP: 2/54 [gnoll/spear (7)]
  6595 | D:5      | Found a radiant altar of Vehumet.
  6628 | D:5      | Found a bloodstained altar of Trog.
  6629 | D:5      | Noticed a wizard
  6634 | D:5      | Killed a wizard
  6743 | D:6      | Reached skill level 5 in Fighting
  6758 | D:6      | Reached skill level 9 in Short Blades
  6772 | D:6      | Reached *** piety under Okawaru
  6772 | D:6      | Reached skill level 1 in Armour
  6898 | D:6      | Slain by a worm

Action                   |  1- 3 |  4- 6 |  7- 9 || total
-------------------------+-------+-------+-------++-------
Melee: Dagger            |   176 |   197 |   267 ||   640
       Short sword       |       |    23 |    11 ||    34
Invok: Heroism           |       |       |     1 ||     1
  Use: Scroll            |       |     8 |       ||     8
       Potion            |       |       |     4 ||     4
 Stab: Sleeping          |     6 |     6 |     5 ||    17
       Distracted        |       |     1 |       ||     1
  Eat: Chunk             |     4 |     7 |     8 ||    19
